 Dungeon Crawl Stone Soup version 0.18.1-8-gdd0e5ea (webtiles) character file.

2533 DevlanMud the Ruffian (level 9, -18/84 HPs)
             Began as a Troll Artificer on June 6, 2016.
             Demolished by an orc warrior
             ... wielding a +0 flail
              (21 damage)
             ... on level 8 of the Dungeon.
             The game lasted 00:23:23 (6972 turns).

DevlanMud the Ruffian (Troll Artificer)             Turns: 6972, Time: 00:23:24

Health: -18/84     AC:  7    Str: 21    XL:     9   Next: 30%
Magic:  11/11      EV: 18    Int:  8    God:
Gold:   490        SH:  0    Dex: 18    Spells: 0 memorised, 8 levels left

rFire  + . .     SeeInvis .       - Unarmed
rCold  . . .     Gourm    +     b - +0 robe
rNeg   + . .     Faith    .     (no shield)
rPois  .         Spirit   .     (helmet restricted)
rElec  .         Dismiss  .     j - +1 cloak
rCorr  .         Reflect  .     (gloves unavailable)
SustAt .         Harm     .     (boots unavailable)
MR     .....                    (no amulet)
Stlth  +++.......               v - ring of protection from fire
                                i - ring of positive energy

@: agile, not resistant to hostile enchantments, fairly stealthy
A: unfitting armour, claws 3, fast metabolism 3, gourmand, regeneration 2,
shaggy fur 1, tough skin 2
a: no special abilities


You were on level 8 of the Dungeon.
You were very full.

You visited 2 branches of the dungeon, and saw 9 of its levels.

You collected 490 gold pieces.

Inventory:

Armour
 b - a +0 robe (worn)
 j - a +1 cloak (worn)
Jewellery
 i - a ring of positive energy (left claw)
 u - an uncursed amulet of magic regeneration
 v - a ring of protection from fire (right claw)
 x - an uncursed amulet of dismissal
Wands
 c - a wand of flame (2/48)
 d - a wand of enslavement (16/24)
 e - a wand of random effects (13/48)
 p - a wand of teleportation (0/9)
Scrolls
 l - 8 scrolls of remove curse
 o - 2 scrolls of immolation
 q - a scroll of identify
 s - a scroll of acquirement {unknown}
Potions
 r - a potion of brilliance
Comestibles
 a - a beef jerky
 f - 11 bread rations
 h - 2 meat rations
 k - 3 royal jellies
 m - a slice of pizza
 w - 15 chunks of flesh


   Skills:
 + Level 4.0 Fighting
   Level 0.7 Short Blades
 + Level 5.7 Dodging
 + Level 2.0 Stealth
 * Level 7.2 Unarmed Combat
 * Level 4.5 Evocations


You had 8 spell levels left.
You didn't know any spells.

Dungeon Overview and Level Annotations

Branches:
Dungeon (8/15)             Temple (1/1) D:5
   Lair: D:8-11

Altars:
Ashenzari
Cheibriados
Dithmenos
Elyvilon
Gozag
Kikubaaqudgha
Makhleb
Nemelex Xobeh
Okawaru
Qazlal
Sif Muna
Trog
Vehumet
Yredelemnul
Zin
The Shining One

Shops:
D:4 [   D:6 (*(

Annotations:
D:3 erch1's ghost, amateur TrMo


Innate Abilities, Weirdness & Mutations

You are too large for most types of armour.
You have claws for hands.
Your metabolism is lightning-fast.
You like to eat raw meat.
You heal very quickly.
You are covered in fur (AC +1).
You have very tough skin (AC +2).


Message History

You feel agile all of a sudden. The orc warrior barely misses you.
Drink which item? (? for menu, Esc to quit)
You feel better. The orc warrior barely misses you.
Drink which item? (? for menu, Esc to quit)
Okay, then.
Evoke which item? (* to show all) (? for menu, Esc to quit)
Zapping:
d - a wand of enslavement (18/24)
Press: ? - help, Shift-Dir - straight line, f - orc warrior
Aim: an orc warrior, wielding a flail and wearing a chain mail (lightly wounded, chance to defeat MR: 55%)
The orc warrior resists with significant effort.
This wand has 17 charges left.
The orc warrior hits you with a flail!
* * * LOW HITPOINT WARNING * * *
Evoke which item? (* to show all) (? for menu, Esc to quit)
Zapping:
d - a wand of enslavement (17/24)
Press: ? - help, Shift-Dir - straight line, f/p - orc warrior
Aim: an orc warrior, wielding a flail and wearing a chain mail (lightly wounded, chance to defeat MR: 55%)
The orc warrior resists with significant effort.
This wand has 16 charges left.
The orc warrior hits you with a flail!!
You die...

#........ .#
#........
#.......)
#........ #### ##
#....######..###.
#....# ##.##.##.
+(..(# #_##.##)#
########(...#
###.##.##
......)@(...#
#...#..
).....o######
####### .(.....
....... .......
...<... +###...
....


You could see an orc warrior.

Vanquished Creatures
  A spriggan (D:7)
  A yak (D:8)
  A hungry ghost (D:6)
  3 ice beasts (D:5)
  3 ogres
  3 centaurs
  A big kobold (D:7)
  6 wights
  A crimson imp (D:7)
  A giant frog skeleton (D:4)
  A jelly (D:2)
  4 hounds
  An orc priest (D:5)
  4 orc wizards
  A gnoll shaman (D:6)
  2 iguanas
  8 worker ants
  11 adders
  10 gnolls
  An ooze (D:2)
  An adder skeleton (D:4)
  A worm (D:2)
  3 dart slugs
  4 giant geckos
  22 orcs
  8 giant cockroaches
  8 goblins
  A hobgoblin (D:1)
  10 kobolds
  5 quokkas
  2 ball pythons (D:2)
  10 bats
  3 giant newts
  3 quokka skeletons
  4 rats
149 creatures vanquished.

Vanquished Creatures (collateral kills)
  An ice beast (D:5)
  An orc wizard (D:8)
  2 orcs (D:5)
4 creatures vanquished.

Grand Total: 153 creatures vanquished

Notes
Turn   | Place    | Note
--------------------------------------------------------------
     0 | D:1      | DevlanMud the Troll Artificer began the quest for the Orb.
     0 | D:1      | Reached XP level 1. HP: 18/18 MP: 1/1
   281 | D:1      | Reached XP level 2. HP: 24/26 MP: 2/2
   583 | D:1      | Reached skill level 1 in Fighting
   689 | D:1      | Gained mutation: Your magical capacity is low (-10% MP). [potion of mutation]
   689 | D:1      | Gained mutation: Your muscles are strong. (Str +2) [potion of mutation]
   689 | D:1      | Gained mutation: You tend to lose your temper in combat. [potion of mutation]
   690 | D:1      | Gained mutation: You are robust (+10% HP). [potion of mutation]
   690 | D:1      | Gained mutation: You occasionally shout uncontrollably at your foes. [potion of mutation]
   690 | D:1      | Gained mutation: You regenerate. [potion of mutation]
  1036 | D:2      | Reached XP level 3. HP: 34/36 MP: 3/3
  1169 | D:2      | Reached skill level 1 in Unarmed Combat
  1287 | D:2      | Noticed Sigmund
  1290 | D:2      | Reached XP level 4. HP: 41/45 MP: 4/4
  1295 | D:2      | Noticed Sigmund
  1295 | D:2      | Sigmund changed into Sigmund the jelly
  1306 | D:2      | Killed Sigmund the jelly
  1567 | D:2      | Reached skill level 2 in Unarmed Combat
  1875 | D:3      | Noticed erch1's ghost (amateur TrMo)
  2159 | D:3      | Reached XP level 5. HP: 38/53 MP: 5/5
  2677 | D:3      | Reached skill level 3 in Unarmed Combat
  2804 | D:3      | Lost mutation: Your magical capacity is low (-10% MP). [potion of cure mutation]
  2804 | D:3      | Lost mutation: You tend to lose your temper in combat. [potion of cure mutation]
  2804 | D:3      | Lost mutation: Your muscles are strong. (Str +2) [potion of cure mutation]
  2804 | D:3      | Lost mutation: You regenerate. [potion of cure mutation]
  2804 | D:3      | Lost mutation: You are robust (+10% HP). [potion of cure mutation]
  2804 | D:3      | Lost mutation: You occasionally shout uncontrollably at your foes. [potion of cure mutation]
  2844 | D:3      | Reached XP level 6. HP: 31/57 MP: 7/7
  3191 | D:4      | Found a snail-covered altar of Cheibriados.
  3577 | D:4      | Found Jiggiopi's Armour Shoppe.
  3624 | D:4      | Found a shattered altar of Ashenzari.
  4157 | D:5      | Entered Level 5 of the Dungeon
  4198 | D:5      | Noticed an ice beast
  4201 | D:5      | Noticed an ice beast
  4214 | D:5      | Noticed an ice beast
  4217 | D:5      | Killed an ice beast
  4217 | D:5      | Reached XP level 7. HP: 41/66 MP: 8/8
  4253 | D:5      | Reached skill level 4 in Unarmed Combat
  4290 | D:5      | Found a shadowy altar of Dithmenos.
  4322 | D:5      | Found an opulent altar of Gozag.
  4455 | D:5      | Reached skill level 1 in Stealth
  4639 | D:5      | Reached XP level 8. HP: 62/75 MP: 9/9
  4757 | D:5      | Found a staircase to the Ecumenical Temple.
  4763 | Temple   | Entered the Ecumenical Temple
  4990 | D:6      | Found Dauduasy's Antique Weapon Shop.
  5099 | D:6      | Found Huosar's General Store.
  5113 | D:6      | Reached skill level 5 in Unarmed Combat
  5290 | D:6      | Found Soiggump's Weapon Emporium.
  5530 | D:6      | Found a sparkling altar of Nemelex Xobeh.
  5717 | D:6      | Found a bloodstained altar of Trog.
  6085 | D:7      | Reached skill level 6 in Unarmed Combat
  6111 | D:7      | Reached skill level 5 in Dodging
  6562 | D:7      | Reached XP level 9. HP: 43/84 MP: 11/11
  6810 | D:8      | Reached skill level 7 in Unarmed Combat
  6900 | D:8      | Found an iron altar of Okawaru.
  6965 | D:8      | HP: 2/84 [orc warrior/flail (4)]
  6971 | D:8      | HP: 3/84 [orc warrior/flail (17)]
  6972 | D:8      | Demolished by an orc warrior

Skill      XL: |  1  2  3  4  5  6  7  8  9 |
---------------+----------------------------+-----
Fighting       | 1 2 3 4 |  4.0
Unarmed Combat | 1 2 3 4 6 7 |  7.2
Evocations     | 3 4 |  4.5
Dodging        | 2 3 4 5 |  5.7
Stealth        | 1 2 |  2.0
Short Blades   | |  0.7

Action                   |  1- 3 |  4- 6 |  7- 9 || total
-------------------------+-------+-------+-------++-------
Melee: Unarmed           |   110 |   254 |   265 ||   629
       Punch             |       |     2 |     5 ||     7
Evoke: Wand              |       |     5 |    19 ||    24
  Use: Scroll            |     3 |     5 |     2 ||    10
       Potion            |     2 |     6 |     5 ||    13
 Stab: Sleeping          |       |     1 |     3 ||     4
  Eat: Chunk             |    17 |    28 |    31 ||    76
Armor: Robe              |    36 |    94 |    64 ||   194
Dodge: Dodged            |    52 |   141 |   123 ||   316
